Map: Acropolis LE

Players

Alken - Winner!

  • Race: Protoss Protoss
  • League: Diamond
  • Spawn Location: 11:00

xdeaththreat

  • Race: Terran Terran
  • League: Diamond
  • Spawn Location: 5:00

VOD

Have the link to the VOD?

Description

Time

  • Played on: Nov. 24, 2019, 8:59 p.m.
  • Length: 20:04
Show
View Real Time Build Order
Export as new Build Order

Alken Protoss - Winner!

Build Orders: 1 Gate Expand, Double Forge, Blink Stalkers 

Get SALT Encoding   

  12  0:01  Probe  
  13  0:13  Probe  
  14  0:18  Pylon  
  14  0:25  Probe  
  15  0:37  Probe (Chrono Boost)  
  15  0:39  Gateway  
  16  0:48  Assimilator  
  16  0:49  Probe (Chrono Boost)  
  17  0:54  Probe (Chrono Boost)  
  18  1:03  Probe  
  19  1:15  Probe  
  20  1:33  Nexus  
  20  1:38  Probe  
  21  1:43  Cybernetics Core  
  20  1:50  Probe  
  20  1:51  Assimilator  
  21  2:02  Pylon, Probe  
  22  2:14  Probe (Chrono Boost)  
  23  2:17  Stalker (Chrono Boost)  
  23  2:22  Warp Gate  
  25  2:24  Probe (Chrono Boost)  
  26  2:33  Probe  
  26  2:36  Twilight Council  
  26  2:50  Probe (Chrono Boost)  
  28  2:55  Probe (Chrono Boost)  
  28  3:01  Stalker, Probe (Chrono Boost)  
  28  3:04  Probe (Chrono Boost)  
  32  3:06  Probe (Chrono Boost)  
  32  3:09  Blink (Chrono Boost)  
  32  3:12  Gateway  
  33  3:17  Probe  
  33  3:18  Probe  
  35  3:29  Probe  
  35  3:30  Probe  
  35  3:32  Gateway  
  37  3:38  Sentry  
  37  3:41  Probe  
  40  3:42  Probe  
  40  3:47  Pylon  
  41  3:51  Robotics Facility  
  41  3:53  Probe  
  41  3:54  Probe  
  43  4:05  Probe  
  44  4:12  Probe  
  45  4:17  Probe  
  45  4:20  Stalker  
  45  4:21  Sentry  
  45  4:22  Nexus  
  48  4:27  Stalker  
  48  4:31  Pylon, Probe x2  
  50  4:38  Pylon  
  52  4:40  Observer  
  52  4:41  Phoenix  
  53  4:48  Forge x2  
  53  4:52  Pylon  
  53  4:53  Stalker  
  53  4:54  Stalker  
  57  5:02  Assimilator, Probe  
  57  5:04  Assimilator  
  58  5:08  Charge (Chrono Boost)  
  58  5:25  Stalker  
  58  5:27  Zealot x2  
  58  5:28  Probe (Chrono Boost)  
  66  5:31  Probe (Chrono Boost)  
  66  5:35  Protoss Ground Armor Level 1 (Chrono Boost)  
  66  5:40  Probe (Chrono Boost)  
  68  5:43  Pylon  
  68  5:44  Probe (Chrono Boost)  
  66  5:52  Stalker x2  
  55  6:14  Zealot  
  55  6:18  Probe x3  
  54  6:26  Protoss Ground Weapons Level 1 (Chrono Boost)  
  54  6:30  Probe (Chrono Boost)  
  57  6:33  Stalker x2  
  57  6:35  Probe (Chrono Boost)  
  57  6:36  Probe (Chrono Boost)  
  61  6:42  Probe (Chrono Boost)  
  61  6:44  Probe x2 (Chrono Boost)  
  61  6:45  Gateway x2  
  64  6:48  Stalker, Gateway  
  64  6:52  Probe  
  67  6:55  Probe  
  67  6:56  Probe  
  67  7:00  Stalker  
  71  7:02  Stalker  
  71  7:04  Probe  
  71  7:08  Pylon  
  74  7:10  Probe x2  
  74  7:13  Shield Battery  
  74  7:14  Stalker  
  78  7:22  Probe x2  
  80  7:25  Stalker x2  
  80  7:29  Protoss Ground Armor Level 2 (Chrono Boost)  
  84  7:33  Probe  
  84  7:34  Probe  
  86  7:57  Probe x2  
  86  7:58  Probe  
  89  8:03  Zealot x6  
  89  8:04  Stargate  
  101  8:06  Assimilator  
  101  8:08  Assimilator  
  101  8:11  Pylon  
  101  8:12  Pylon  
  101  8:14  Pylon, Photon Cannon  
  101  8:16  Pylon, Photon Cannon  
  101  8:18  Protoss Ground Weapons Level 2 (Chrono Boost), Photon Cannon  
  101  8:42  Stargate  
  101  8:46  Stargate  
  101  8:52  Void Ray (Chrono Boost)  
  105  9:00  Protoss Air Weapons Level 1 (Chrono Boost)  
  105  9:02  Stalker  
  105  9:03  Stalker x3  
  103  9:17  Zealot x2  
  103  9:20  Warp Prism  
  109  9:26  Nexus  
  109  9:29  Pylon  
  109  9:37  Probe (Chrono Boost)  
  112  9:42  Pylon, Probe x2 (Chrono Boost)  
  112  9:45  Void Ray (Chrono Boost)  
  112  9:46  Stalker x3  
  112  9:50  Probe (Chrono Boost)  
  131  10:00  Void Ray (Chrono Boost), Photon Cannon  
  131  10:01  Void Ray (Chrono Boost)  
  131  10:04  Photon Cannon  
  131  10:14  Probe x3  
  132  10:18  Void Ray (Chrono Boost)  
  138  10:30  Stalker x3  
  148  10:37  Void Ray (Chrono Boost)  
  148  10:45  Probe x4  
  152  10:53  Fleet Beacon  
  156  10:57  Probe x3  
  156  10:58  Void Ray (Chrono Boost)  
  156  11:03  Void Ray (Chrono Boost)  
  161  11:10  Zealot x2  
  161  11:11  Zealot x3  
  169  11:22  Protoss Ground Weapons Level 3  
  169  11:25  Protoss Ground Armor Level 3  
  149  11:55  Probe  
  149  11:56  Probe  
  149  12:00  Void Ray (Chrono Boost)  
  154  12:05  Void Ray (Chrono Boost)  
  154  12:07  Nexus  
  154  12:11  Pylon  
  154  12:14  Pylon  
  153  12:16  Pylon  
  134  12:36  Void Ray (Chrono Boost)  
  129  12:39  Void Ray (Chrono Boost)  
  131  12:46  Void Ray (Chrono Boost)  
  131  12:47  Zealot x6  
  147  13:03  Void Ray (Chrono Boost), Probe x3  
  147  13:05  Pylon  
  152  13:15  Probe  
  137  13:22  Nexus  
  95  13:37  Void Ray (Chrono Boost)  
  95  13:38  Void Ray (Chrono Boost)  
  100  13:44  Void Ray (Chrono Boost)  
  92  13:53  Zealot x6  
  80  14:05  Probe (Chrono Boost)  
  80  14:08  Pylon  
  80  14:09  Probe x2 (Chrono Boost)  
  84  14:10  Probe (Chrono Boost)  
  84  14:14  Void Ray (Chrono Boost)  
  89  14:17  Probe (Chrono Boost)  
  89  14:19  Tempest x2 (Chrono Boost)  
  89  14:20  Probe (Chrono Boost)  
  89  14:21  Probe x2 (Chrono Boost)  
  102  14:26  Zealot x4  
  102  14:27  Zealot x2  
  114  14:40  Cybernetics Core  
  114  14:49  Tempest (Chrono Boost)  
  114  14:50  Zealot x6  
  131  14:54  Tempest  
  131  14:55  Tempest  
  138  15:07  Probe x3  
  138  15:12  Probe (Chrono Boost)  
  138  15:13  Assimilator  
  142  15:22  Probe (Chrono Boost)  
  142  15:23  Assimilator, Probe (Chrono Boost)  
  142  15:25  Assimilator  
  142  15:26  Zealot x6  
  142  15:28  Probe (Chrono Boost)  
  157  15:30  Probe (Chrono Boost)  
  157  15:41  Protoss Air Weapons Level 2 (Chrono Boost)  
  148  16:15  Tempest x2  
  148  16:36  Probe (Chrono Boost)  
  148  16:37  Probe x3 (Chrono Boost)  
  148  16:40  Templar Archives  
  148  16:43  Nexus  
  148  16:44  Probe (Chrono Boost)  
  148  16:45  Probe x3 (Chrono Boost)  
  150  17:07  Protoss Shields Level 1  
  150  17:10  Probe x4  
  150  17:11  Tempest (Chrono Boost)  
  150  17:12  Tempest (Chrono Boost)  
  169  17:21  Pylon, Tempest (Chrono Boost)  
  169  17:22  Probe  
  170  17:30  Nexus  
  150  17:44  Tempest (Chrono Boost)  
  145  17:53  Probe x2  
  145  17:55  Probe, Carrier (Chrono Boost)  
  145  17:57  Assimilator  
  148  17:59  High Templar x6  
  148  18:00  Carrier (Chrono Boost)  
  158  18:07  Archon x2  
  158  18:08  Archon  
  153  18:33  Photon Cannon  
  152  18:34  Photon Cannon  
  152  18:37  Probe (Chrono Boost)  
  152  18:38  Probe (Chrono Boost)  
  152  18:39  Probe x2 (Chrono Boost)  
  156  18:47  Probe (Chrono Boost)  
  161  18:49  Probe x4 (Chrono Boost)  
  161  18:52  Probe (Chrono Boost)  
  162  18:56  Nexus  
  162  18:57  Probe, Carrier x2  
  162  19:01  Pylon  
  162  19:02  Pylon  
  173  19:13  High Templar x2  
  173  19:14  High Templar  
  179  19:17  Archon  
  142  19:55  High Templar x3  
  142  19:56  Zealot x3  
Show
View Real Time Build Order
Export as new Build Order

xdeaththreat Terran 

Build Orders:  

Get SALT Encoding   

  12  0:01  SCV  
  13  0:13  SCV  
  14  0:18  Supply Depot  
  14  0:25  SCV  
  15  0:39  SCV  
  15  0:41  Barracks  
  16  0:52  SCV  
  17  0:58  Refinery x2  
  17  1:04  SCV  
  18  1:16  SCV  
  19  1:31  Orbital Command  
  19  1:33  Reaper  
  20  1:45  Supply Depot  
  20  1:56  Factory  
  20  1:58  SCV  
  21  2:17  Barracks Reactor  
  21  2:19  SCV  
  21  2:22  Command Center  
  22  2:31  SCV  
  23  2:43  SCV  
  24  2:53  Factory Tech Lab  
  24  2:54  Marine x2  
  24  2:55  Starport, SCV  
  27  3:08  SCV  
  27  3:12  Marine x2  
  29  3:17  Supply Depot  
  30  3:22  SCV  
  31  3:33  Orbital Command, Cyclone  
  34  3:39  Bunker  
  34  3:44  Marine, Fusion Core, SCV  
  34  3:45  Marine  
  37  3:56  SCV  
  37  3:58  Starport Tech Lab  
  37  3:59  SCV  
  39  4:08  SCV  
  40  4:14  SCV  
  40  4:20  SCV  
  41  4:26  SCV  
  42  4:32  SCV, Battlecruiser  
  42  4:33  Supply Depot  
  42  4:36  Marine  
  42  4:38  SCV  
  51  4:44  Cyclone  
  54  4:52  Supply Depot  
  54  4:54  SCV x2  
  56  5:00  Marine x2  
  56  5:01  Refinery  
  56  5:07  SCV  
  59  5:09  SCV  
  60  5:19  SCV  
  61  5:21  SCV  
  62  5:28  Supply Depot  
  62  5:31  SCV  
  62  5:32  Marine x2, Siege Tank  
  62  5:33  SCV  
  69  5:38  Command Center  
  69  5:43  SCV  
  61  6:27  SCV x2  
  57  6:34  Weapon Refit  
  57  6:36  Marine x2, Battlecruiser  
  57  6:39  SCV x2  
  67  6:42  Starport  
  67  6:48  Refinery  
  67  6:53  Hellion, Supply Depot x2  
  67  6:54  Marine x2, Orbital Command  
  69  6:57  Command Center  
  69  7:00  SCV  
  69  7:01  Engineering Bay, SCV  
  73  7:12  SCV  
  73  7:14  SCV  
  75  7:18  Starport  
  75  7:22  Armory  
  75  7:26  Starport Tech Lab, SCV  
  75  7:28  Bunker  
  76  7:31  Bunker  
  76  7:35  Missile Turret  
  76  7:37  SCV  
  76  7:38  SCV  
  76  7:41  Missile Turret  
  77  7:49  SCV  
  77  7:51  Marine, Siege Tank  
  77  7:52  Marine, Battlecruiser  
  77  7:58  Starport Tech Lab  
  88  8:21  Battlecruiser  
  88  8:22  Marine x2  
  96  8:33  Orbital Command  
  96  8:34  Refinery  
  96  8:35  Refinery  
  96  8:39  Missile Turret, SCV x2  
  96  8:41  Missile Turret  
  98  8:42  Missile Turret  
  98  8:47  Battlecruiser  
  104  8:53  SCV  
  105  8:57  SCV  
  105  8:59  Infernal Pre-Igniter  
  106  9:04  Marine x2  
  106  9:05  SCV  
  101  9:18  Supply Depot  
  101  9:19  SCV x2  
  103  9:25  Marine x2  
  103  9:26  Battlecruiser  
  112  9:31  SCV x2, Armory  
  111  9:39  Refinery  
  111  9:42  Refinery  
  111  9:43  Missile Turret, SCV  
  111  9:44  Marine x2, Hellion  
  111  9:45  Battlecruiser  
  122  9:52  Supply Depot  
  122  9:56  Command Center  
  122  9:57  Bunker, SCV x2  
  122  9:58  Bunker  
  122  9:59  Bunker  
  124  10:00  Supply Depot  
  124  10:02  Supply Depot  
  124  10:03  Planetary Fortress  
  124  10:11  Battlecruiser  
  130  10:17  Supply Depot  
  130  10:18  Supply Depot  
  130  10:21  SCV x3  
  133  10:33  SCV  
  134  10:36  Siege Tank  
  134  10:37  Smart Servos  
  134  10:40  Battlecruiser  
  143  10:47  Supply Depot  
  143  10:49  Supply Depot  
  141  10:59  Terran Ship Weapons Level 1  
  141  11:00  Terran Vehicle And Ship Armor Level 1  
  141  11:01  Battlecruiser  
  141  11:03  SCV x2  
  141  11:04  SCV  
  149  11:15  SCV  
  115  12:01  Battlecruiser  
  115  12:02  Marine x2, Thor  
  122  12:33  Battlecruiser x2  
  122  12:34  Marine x2  
  130  12:52  Marine  
  131  12:59  Command Center  
  131  13:01  Missile Turret  
  131  13:03  Missile Turret  
  131  13:04  Hi-Sec Auto Tracking, Missile Turret x2  
  131  13:05  Battlecruiser, Terran Ship Weapons Level 2, Terran Vehicle And Ship Armor Level 2  
  131  13:06  Missile Turret  
  131  13:12  Missile Turret  
  71  13:51  Marine x2  
  71  13:52  Battlecruiser x2  
  73  14:05  SCV x2  
  75  14:15  SCV  
  76  14:18  SCV  
  77  14:28  SCV  
  77  14:30  SCV  
  79  14:35  SCV  
  80  14:40  SCV  
  81  14:48  SCV x2  
  81  14:51  Siege Tank  
  86  15:08  Battlecruiser  
  86  15:09  Battlecruiser  
  98  15:26  Neosteel Armor  
  98  15:28  Factory  
  98  15:35  Terran Vehicle Weapons Level 1  
  98  15:52  Command Center  
  98  16:31  Battlecruiser x2  
  110  16:35  Hellion x2  
  114  16:41  SCV  
  115  16:53  Orbital Command  
  115  16:56  Hellion  
  115  16:57  Hellion  
  112  17:18  Hellion x2  
  108  17:39  Hellion  
  108  17:40  Hellion  
  109  17:50  SCV  
  109  17:51  SCV  
  109  17:52  Refinery  
  109  17:53  Refinery  
  109  18:28  SCV  
  109  18:29  SCV  
  109  18:43  Supply Depot x2  
  109  18:45  Command Center  
  109  19:04  SCV x3  
  118  19:16  SCV x2  
  118  19:28  SCV  
Tags
 
Add a new tag
Caveats
  • Supply blocks, unpowered buildings, or Contaminate may cause inaccurate times.
  • Supply counts are checked every 10 seconds.